 Dungeon Crawl Stone Soup version 0.31-a0-986-g5e6e4ef867 (webtiles) character file.

Game seed: 1513517420478570755

3877 2FriedEggs the Geomancer (level 10, -2/50 HPs)
             Began as an Octopode Earth Elementalist on Nov 15, 2023.
             Was a Believer of Hepliaklqana.
             Slain by a yak (13 damage)
             ... on level 9 of the Dungeon.
             The game lasted 00:20:01 (8854 turns).

2FriedEggs the Geomancer (OpEE)                     Turns: 8854, Time: 00:20:02

Health: -2/50      AC:  1    Str:  7    XL:     10   Next: 19%
Magic:  7/17       EV: 12    Int: 21    God:    Hepliaklqana [**....]
Gold:   432        SH:  4    Dex: 14    Spells: 11/19 levels left

rFire   . . .        F - +1 dagger (holy)
rCold   . . .        G - +0 buckler
rNeg    . . .        (helmet restricted)
rPois   .            y - amulet of magic regeneration
rElec   .            (no ring)
rCorr   .            (no ring)
SInv    .            (no ring)
Will    .....        (no ring)
Stlth   +++          (no ring)
HPRegen 0.28/turn    (no ring)
MPRegen 0.55/turn    (no ring)
                     (no ring)

%: no passive effects
@: no status effects
A: reduced essence, almost no armour, amphibious, 8 rings, camouflage 1,
gelatinous body 1, (nimble swimmer 1), tentacles
a: Renounce Religion, Recall Ancestor, Ancestor Identity


You were on level 9 of the Dungeon.
You worshipped Hepliaklqana.
Hepliaklqana was pleased with you.
You visited 2 branches of the dungeon, and saw 10 of its levels.

You collected 432 gold pieces.

Inventory:

Hand Weapons
 F - a +1 dagger of holy wrath (weapon)
Armour
 q - an orb of mayhem
 G - a +0 buckler (worn)
Jewellery
 c - an amulet of the acrobat
 t - an amulet of faith
 y - an amulet of magic regeneration (around mantle)
Talismans
 l - a storm talisman
Wands
 d - a wand of polymorph (7)
 p - a wand of digging (8)
 r - a wand of flame (27)
 B - a wand of iceblast (18)
 C - a wand of charming (7)
Scrolls
 b - 9 scrolls of identify {unknown}
 e - 2 scrolls of noise {unknown}
 h - 2 scrolls of vulnerability {unknown}
 j - 3 scrolls of teleportation {unknown}
 s - 3 scrolls of torment {unknown}
 u - 5 scrolls of fear {unknown}
 v - 2 scrolls of fog {unknown}
 w - 3 scrolls of amnesia {unknown}
 z - a scroll of enchant armour {unknown}
 A - a scroll of poison {unknown}
 D - 2 scrolls of enchant weapon {unknown}
 E - a scroll of acquirement {unknown}
Potions
 a - 2 potions of magic
 f - 6 potions of might {unknown}
 g - 2 potions of brilliance {unknown}
 i - 3 potions of curing {unknown}
 k - 2 potions of enlightenment {unknown}
 m - 3 potions of heal wounds {unknown}
 n - a potion of mutation {unknown}
 o - 5 potions of attraction {unknown}
 x - a potion of degeneration {unknown}


   Skills:
 - Level 2.0 Dodging
 - Level 2.6 Stealth
 - Level 5.0 Spellcasting
 * Level 9.5 Conjurations
 - Level 1.0 Transmutations
 * Level 10.1 Earth Magic


You had 11 spell levels left.
You knew the following spells:

 Your Spells              Type           Power      Damage    Failure   Level
a - Sandblast             Erth           94%        2d19      1%          1
b - Stone Arrow           Conj/Erth      92%        3d12      1%          3
c - Brom's Barrelling Bo  Conj/Erth      46%        2d6       3%          4

Your spell library contained the following spells:

 Spells                   Type           Power      Damage    Failure   Level
 Magic Dart               Conj           100%       1d8       1%          1
 Shock                    Conj/Air       100%       1d9       2%          1
 Passwall                 Tmut/Erth      23%        N/A       2%          2
 Mephitic Cloud           Conj/Pois/Air  18%        N/A       14%         3
 Wereblood                Tmut           9%         N/A       19%         2
 Petrify                  Tmut/Erth      28%        N/A       19%         4
 Call Imp                 Summ           10%        N/A       26%         2
 Sublimation of Blood     Necr           5%         N/A       26%         2
 Swiftness                Air            5%         N/A       47%         3
 Airstrike                Air            2%         2d(1-17)  87%         4
 Summon Hydra             Summ           2%         N/A       100%        7


Dungeon Overview and Level Annotations

Branches:
Dungeon (9/15)             Temple (1/1) D:4
   Lair: D:8-11         Orc: D:9-12

Altars:
Ashenzari
Cheibriados
Dithmenos
Elyvilon
Gozag
Hepliaklqana
Kikubaaqudgha
Nemelex Xobeh
Okawaru
Qazlal
Ru
Sif Muna
Trog
Uskayaw
Vehumet
Wu Jian
Xom
Yredelemnul
Zin
The Shining One


Innate Abilities, Weirdness & Mutations

Your life essence is reduced to manifest your ancestor. (-10% HP)
You cannot wear most types of armour.
You are amphibious.
You can wear up to eight rings at the same time.
Your skin changes colour to match your surroundings (Stealth+).
Your rubbery body absorbs attacks. (AC +1, EV +1)
((You are camouflaged when in or above water. (Stealth+)))
You have tentacles for arms and can constrict up to eight enemies at once.


Message History

The orc priest is moderately wounded.
The death yak is knocked back. x2; The orc priest is knocked back.
The boulder barrels into the orc priest!
The orc priest is heavily wounded.
The death yak is knocked back.
The orc priest is knocked back.
The yak gores you!
The boulder barrels into the orc priest!
You kill the orc priest!
The death yak gores your boulder! The yak gores you!
* * * LOW HITPOINT WARNING * * *
The boulder barrels into the death yak!
The death yak is heavily wounded.
Your boulder is destroyed!
You swap places.
The yak barely misses you.
Unknown command.
Casting: Brom's Barrelling Boulder (dangerous; 3% risk of failure)
Confirm with . or Enter, or press ? or * to list all spells.
Aiming: Brom's Barrelling Boulder (dangerous; 3% risk of failure)
Press: ? - help, Dir - move target, f - you, p - death yak There's a thick-headed creature in the way.
Okay, then.
Casting: Brom's Barrelling Boulder (dangerous; 3% risk of failure)
Confirm with . or Enter, or press ? or * to list all spells.
You don't know that spell.
Casting: Brom's Barrelling Boulder (dangerous; 3% risk of failure)
Confirm with . or Enter, or press ? or * to list all spells.
Aiming: Brom's Barrelling Boulder (dangerous; 3% risk of failure)
Press: ? - help, Dir - move target, f - yak, p - death yak
Aim: a yak (100% to hit)
You cannot create a boulder in an occupied space.
Okay, then.
Casting: Brom's Barrelling Boulder (dangerous; 3% risk of failure)
Confirm with . or Enter, or press ? or * to list all spells.
Aiming: Stone Arrow (safe; 1% risk of failure)
Press: ? - help, Shift-Dir - straight line, f - yak, p - death yak
Aim: a yak (85% to hit)
The stone arrow hits the yak!
The yak is moderately wounded.
The yak gores you!
You die...

######## ### #....).#
##.## #####
##)#####.#R####...#
#.......###...>...###
#.###..#####.#R###.......
#...)..# ##.###...#####
#####.#### ####.....#
#....Y@# ##...## #.#.##.#
##.## #.#.##R# #.#
#.#.##.# #.# #.#.##o# #+#
#.#.##.# #.#.##Y#
#....Y○# ###.#...


You could see the friendly Octolad the battlemage, 2 death yaks, a yak and an
orc wizard.

Vanquished Creatures
  A yak (D:9)
  A wyvern (D:8)
  A water moccasin (D:7)
  2 orc warriors (D:7)
  2 sky beasts
  An ice beast (D:6)
  2 ogres
  2 centaurs
  4 bullfrogs
  The ghost of BapaGohns the Magician, an amateur SpEE (D:6)
  A scorpion (D:5)
  4 killer bees (D:8)
  3 howler monkeys (D:8)
  3 hounds
  3 jellies
  6 orc priests
  2 iguanas (D:4)
  2 sleepcaps
  2 orc wizards
  5 adders
  A shadow imp (D:8)
  An ufetubus (D:6)
  2 worms
  4 dart slugs
  16 orcs
  13 endoplasms
  3 giant cockroaches
  13 goblins
  9 hobgoblins
  5 jackals (D:1)
  8 kobolds
  A quokka (D:5)
  7 ball pythons
  7 bats
  7 frilled lizards
  9 rats
154 creatures vanquished.

Vanquished Creatures (collateral kills)
  Maggie (D:7)
  A yak (D:9)
  A steam dragon (D:8)
  An orc warrior (D:7)
  A sky beast (D:7)
  2 kobold brigands
  A bullfrog (D:8)
  A wight (D:8)
  2 killer bees (D:8)
  A howler monkey (D:8)
  A jelly (D:7)
  An orc priest (D:7)
  An iguana (D:5)
  3 orc wizards
  A white imp (D:8)
  An ufetubus (D:6)
  5 orcs
  4 kobolds
  9 boulders
38 creatures vanquished.

Vanquished Creatures (others)
  2 battlemagi
  An ancestor (D:6)
  7 boulders
10 creatures vanquished.

Grand Total: 202 creatures vanquished

Notes
Turn   | Place    | Note
-------+----------+-------------------------------------------
     0 | D:1      | 2FriedEggs the Octopode Earth Elementalist began the quest
                  | for the Orb.
     0 | D:1      | Reached XP level 1. HP: 11/11 MP: 3/3
   221 | D:1      | Reached XP level 2. HP: 17/17 MP: 3/5
   834 | D:1      | Reached XP level 3. HP: 21/21 MP: 5/7
  2235 | D:3      | Reached XP level 4. HP: 23/27 MP: 5/9
  2699 | D:3      | Learned a level 3 spell: Stone Arrow
  2952 | D:3      | Reached XP level 5. HP: 26/31 MP: 4/12
  3085 | D:3      | Reached skill level 5 in Spellcasting
  3450 | D:4      | Reached skill level 1 in Conjurations
  3567 | D:4      | Noticed an ogre
  3570 | D:4      | Killed an ogre
  3571 | D:4      | Reached XP level 6. HP: 36/36 MP: 8/13
  3678 | D:4      | Reached skill level 4 in Earth Magic
  3800 | D:4      | Learned a level 4 spell: Brom's Barrelling Boulder
  3843 | D:4      | Found a staircase to the Ecumenical Temple.
  3857 | Temple   | Entered the Ecumenical Temple
  3884 | Temple   | Became a worshipper of Hepliaklqana the Forgotten
  4381 | D:5      | Entered Level 5 of the Dungeon
  4474 | D:5      | Reached XP level 7. HP: 21/41 MP: 5/14
  4634 | D:5      | Reached skill level 5 in Earth Magic
  4737 | D:5      | Reached * piety under Hepliaklqana
  5222 | D:6      | Reached skill level 5 in Conjurations
  5222 | D:6      | Reached skill level 6 in Earth Magic
  5222 | D:6      | Reached XP level 8. HP: 41/41 MP: 8/15
  5757 | D:6      | Found a runed translucent gate.
  5757 | D:6      | Found a runed translucent gate.
  5757 | D:6      | Found a runed translucent gate.
  5762 | D:6      | Noticed BapaGohns's ghost (amateur SpEE)
  6073 | D:6      | Reached skill level 7 in Earth Magic
  6122 | D:6      | Reached ** piety under Hepliaklqana
  6123 | D:6      | Remembered your ancestor Octolad as a battlemage
  6297 | D:6      | Killed BapaGohns's ghost
  6601 | D:7      | Reached XP level 9. HP: 45/45 MP: 9/16
  6745 | D:7      | Found a broken altar of Ashenzari.
  6873 | D:7      | Reached skill level 8 in Earth Magic
  7207 | D:7      | Noticed Maggie
  7220 | D:7      | Killed Maggie
  7690 | D:8      | Reached skill level 9 in Earth Magic
  7927 | D:8      | Found a white marble altar of Elyvilon.
  8425 | D:8      | Reached XP level 10. HP: 25/50 MP: 13/17
  8563 | D:8      | Reached *** piety under Hepliaklqana
  8834 | D:9      | Reached skill level 10 in Earth Magic
  8835 | D:9      | Noticed a death yak
  8837 | D:9      | Noticed a death yak
  8839 | D:9      | Noticed a death yak
  8854 | D:9      | Slain by a yak

Illustrated notes

Levels and vault maps discovered:
D:1:      nicolae_arrival_somewhat_less_tricky_arrival, layout_basic
D:2:      layout_basic, minmay_pentomino_z4
D:3:      minmay_bubble_buster, layout_basic
D:4:      layout_loops_corners, minmay_temple_entry_large_hall
D:5:      layout_basic, serial_bayou, serial_bayou_crossing,
          serial_bayou_lagoon_b, serial_bayou_pond_a, serial_bayou_shore_b,
          serial_bayou_lagoon_a
D:6:      layout_loops_ring, ebering_ghost_rock_garden, minmay_gold_behind_fungi
D:7:      dreamdust_elfheim, layout_basic, nicolae_ashenzari_panopticon,
          uniq_maggie
D:8:      minmay_angry_zag, layout_rooms, mainiacjoe_overflow_brackets,
          kennysheep_nondescript
D:9:      lemuel_bear_cage, layout_loops_corners, dpeg_lair_monsters
Temple:   hc_temple_tempest_star

Skill      XL: |  1  2  3  4  5  6  7  8  9 10 |
---------------+-------------------------------+-----
Spellcasting   | 3 4 5 |  5.0
Conjurations   | 2 3 5 6 9 |  9.5
Earth Magic    | 4 6 7 9 10 | 10.1
Dodging        | |  2.0
Stealth        | |  2.6
Transmutations | |  1.0

Action                     |  1- 3 |  4- 6 |  7- 9 | 10-12 || total
---------------------------+-------+-------+-------+-------++-------
  Melee: Dagger            |     6 |    27 |    26 |     1 ||    60
         Constrict         |     4 |     7 |     7 |       ||    18
         Tentacles         |     4 |     7 |     7 |     1 ||    19
   Cast: Sandblast         |    55 |    66 |     5 |       ||   126
         Stone Arrow       |       |     5 |    62 |     5 ||    72
         Brom's Barrelling |       |       |    16 |     4 ||    20
 Invoke: Ancestor Identity |       |       |     1 |       ||     1
         Ancestor Life: Ba |       |       |     1 |       ||     1
         Recall Ancestor   |       |       |     1 |     2 ||     3
   Stab: Sleeping          |       |     4 |     1 |       ||     5
 Armour: Skin              |    10 |    23 |    25 |     5 ||    63
  Dodge: Dodged            |    17 |    18 |    30 |     2 ||    67
         Form:             |     1 |       |       |       ||     1
         Storm             |     1 |       |       |       ||     1

Table legend: (Time is in decaauts)
 A = Elapsed time spent in this place.
 B = Non-inter-level travel time spent in this place.
 C = Inter-level travel time spent in this place.
 D = Time resting spent in this place.
 E = Time spent auto-exploring this place.
 F = Levels seen in this place.
 G = Mean time per level.
                   A        B        C        D        E       F      G
               +--------+--------+--------+--------+--------+-----+--------+
         Total |   8915 |   8628 |    287 |   1084 |   6080 |  10 |  891.5 |
       Dungeon |   8860 |   8625 |    235 |   1084 |   6080 |   9 |  984.4 |
        Temple |     54 |      2 |     52 |      0 |      0 |   1 |   54.0 |
               +--------+--------+--------+--------+--------+-----+--------+

Top non-repeatable levels by time:
     D:3: 1224 daAuts
     D:6: 1209 daAuts
     D:7: 1205 daAuts
     D:1: 1185 daAuts
     D:8: 1088 daAuts
     D:2: 1032 daAuts
     D:4: 965 daAuts
     D:5: 805 daAuts
     D:9: 144 daAuts
  Temple: 54 daAuts
